 Dungeon Crawl Stone Soup version 0.29.1-15-g9cfb28693d (webtiles) character file.

Game seed: 3429615332045162959

3647 Heoruswealwe the Thaumaturge (level 9, 0/45 HPs)
             Began as a Deep Elf Earth Elementalist on Apr 13, 2023.
             Was an Elder of Vehumet.
             Succumbed to a killer bee's poison
             ... on level 7 of the Dungeon.
             The game lasted 01:04:13 (6329 turns).

Heoruswealwe the Thaumaturge (DEEE)                 Turns: 6329, Time: 01:04:16

Health: 0/45       AC:  7    Str:  5    XL:     9   Next: 88%
Magic:  28/28      EV: 12    Int: 31    God:    Vehumet [****..]
Gold:   546        SH:  5    Dex: 15    Spells: 24/34 levels left

rFire   . . .      SeeInvis .   (no weapon)
rCold   . . .      Faith    .   (no shield)
rNeg    . . .      Spirit   .   c - +2 robe {Will+}
rPois   .          Reflect  +   (no helmet)
rElec   .          Harm     .   h - +1 cloak
rCorr   .          Rampage  .   f - +0 pair of gloves
Will    +....                   (no boots)
Stlth   ++........              i - amulet of reflection
HPRegen 0.15/turn               k - +6 ring of intelligence
MPRegen 0.21/turn               j - ring of wizardry

@: lethally poisoned (0 -> -9)
A: no striking features
a: Renounce Religion


You were on level 7 of the Dungeon.
You worshipped Vehumet.
Vehumet was greatly pleased with you.
You visited 2 branches of the dungeon, and saw 8 of its levels.
You also visited: Ossuary.

You collected 546 gold pieces.

Inventory:

Armour
 c - a +2 robe of willpower (worn)
 f - a +0 pair of gloves (worn)
 h - a +1 cloak (worn)
Jewellery
 i - an amulet of reflection (around neck)
 j - a ring of wizardry (right hand)
 k - a +6 ring of intelligence (left hand)
 x - a ring of willpower
 B - an amulet of magic regeneration
 D - a ring of flight
Wands
 w - a wand of polymorph (6)
 A - a wand of paralysis (5)
Scrolls
 a - 9 scrolls of teleportation
 e - 2 scrolls of magic mapping
 l - a scroll of enchant armour
 r - 2 scrolls of vulnerability {unknown}
 s - 5 scrolls of amnesia
 t - 4 scrolls of enchant weapon
 u - 2 scrolls of butterflies {unknown}
 y - a scroll of fear
Potions
 b - 2 potions of magic
 d - 6 potions of attraction {unknown}
 g - 3 potions of degeneration {unknown}
 m - 4 potions of heal wounds {unknown}
 n - a potion of ambrosia {unknown}
 o - 5 potions of haste {unknown}
 p - a potion of cancellation {unknown}
 q - a potion of lignification {unknown}
 v - 2 potions of flight {unknown}
 z - a potion of mutation {unknown}
 C - 2 potions of curing


   Skills:
 - Level 2.4 Dodging
 - Level 2.4 Stealth
 + Level 13.3 Spellcasting
 - Level 1.1 Transmutations
 + Level 11.4 Earth Magic


You had 24 spell levels left.
You knew the following spells:

 Your Spells              Type           Power      Damage    Failure   Level
a - Sandblast             Erth           100%       2d20      0%          1
b - Stone Arrow           Conj/Erth      100%       3d13      1%          3
c - Petrify               Tmut/Erth      56%        N/A       1%          4
z - Passwall              Tmut/Erth      46%        N/A       1%          2

Your spell library contained the following spells:

 Spells                   Type           Power      Damage    Failure   Level
 Irradiate                Conj/Tmut      12%        3d15      6%          5
 Magic Dart               Conj           80%        1d7       1%          1
 Poisonous Vapours        Pois/Air       40%        N/A       1%          2
 Searing Ray              Conj           40%        2d5       1%          2
 Ignite Poison            Fire/Tmut/Pois 22%        N/A       1%          3
 Portal Projectile        Hex/Tloc       40%        N/A       2%          3
 Tukima's Dance           Hex            20%        N/A       2%          3
 Airstrike                Air            10%        2d(2-18)  3%          4
 Fulminant Prism          Conj/Hex       10%        3d9       3%          4
 Lightning Bolt           Conj/Air       10%        1d23      8%          5
 Summon Lightning Spire   Summ/Air       20%        N/A       10%         4
 Blade Hands              Tmut           13%        N/A       16%         5


Dungeon Overview and Level Annotations

Branches:
Dungeon (7/15)             Temple (1/1) D:4         Ossuary (visited)

Altars:
Ashenzari
Cheibriados
Dithmenos
Elyvilon
Gozag
Hepliaklqana
Makhleb
Nemelex Xobeh
Okawaru
Qazlal
Uskayaw
Vehumet
Wu Jian
Xom
Zin
The Shining One

Shops:
D:7 *


Message History

Aim: a killer bee (70% to hit)
The blast of sand hits the killer bee!
The killer bee is severely wounded.
You feel sick. The killer bee stings you.
* * * LOW HITPOINT WARNING * * *
You block the killer bee's attack.
The killer bee stings you but does no damage.
The killer bee stings you.
* * * LOW HITPOINT WARNING * * *
The killer bee stings you but does no damage.
The killer bee misses you.
Okay, then.
As you read the scroll of fear, it crumbles to dust.
You assume a fearsome visage.
The killer bee looks frightened! x2
You feel sick.
Casting: Sandblast (safe; 0% risk of failure)
Confirm with . or Enter, or press ? or * to list all spells.
Aiming: Sandblast (safe; 0% risk of failure)
Press: ? - help, Shift-Dir - straight line, f/p - killer bee
Aim: a killer bee (severely wounded, fleeing, 70% to hit)
The blast of sand hits the killer bee!
You kill the killer bee!
Vehumet accepts your kill.
You feel your power returning.
You feel sick.
You are no longer poisoned.
Found a great mace.
The killer bee stings you.
* * * LOW HITPOINT WARNING * * *
You are lethally poisoned!
The killer bee poisons you!
Casting: Sandblast (safe; 0% risk of failure)
Confirm with . or Enter, or press ? or * to list all spells.
Aiming: Sandblast (safe; 0% risk of failure)
Press: ? - help, Shift-Dir - straight line, f - killer bee
Aim: a killer bee (70% to hit)
The blast of sand hits the killer bee!!
You kill the killer bee!
Vehumet accepts your kill.
You feel your power returning.
You die...

...#######...#:('...)#####.##.##≈
.........#...#.#'.#..#..........#
.........#...#).'...†#..........'
.........#...####....#..........#
.........#....#......#..........#
....(....#....#......#..........#
.........#....#......#..........#
.........#....#.....)#..........#
'######.##.####.@....##...#######
...####.##.≈≈§§≈.≈§≈≈≈#...#......
...........≈####'####≈'...#......
...........##≈≈§§≈≈≈###...#......
...........#⌠≈.§.§.≈⌠##...#...)..
...#..#.##.##≈§._..≈#######......
############⌠≈.....≈⌠#......#####
# ##≈≈≈§≈≈≈##......#
###⌠#⌠####......#


There were no monsters in sight!

Vanquished Creatures
  A two-headed ogre (D:7)
  The ghost of Athtar the Ruffian, a novice DrTm (D:6)
  4 water moccasins
  4 black bears
  An ogre (D:5)
  Blork the orc (D:6)
  3 necrophages
  2 bullfrogs (D:6)
  A water moccasin zombie (Ossuary)
  A scorpion (D:6)
  4 wights (D:7)
  7 killer bees (D:7)
  A centaur zombie (D:6)
  4 hounds
  2 jellies (D:5)
  An orc priest (D:7)
  A centaur skeleton (D:6)
  Jessica (D:2)
  4 iguanas
  3 orc wizards
  2 spectral howler monkeys (D:6)
  3 mummies
  4 gnolls (D:7)
  12 adders
  A white imp (D:7)
  3 adder zombies (Ossuary)
  2 worms
  2 dart slugs
  16 orcs
  13 ball pythons
  7 endoplasms
  2 giant cockroaches (D:3)
  A gnoll zombie (Ossuary)
  9 goblins
  7 hobgoblins
  3 jackals (D:3)
  12 kobolds
  9 quokkas
  8 bats
  5 frilled lizards
  6 hobgoblin zombies (Ossuary)
  9 kobold zombies (Ossuary)
  3 orc zombies (Ossuary)
  8 rats
194 creatures vanquished.

Vanquished Creatures (others)
  An orc wizard (D:7)
1 creature vanquished.

Grand Total: 195 creatures vanquished

Notes
Turn   | Place    | Note
-------+----------+-------------------------------------------
     0 | D:1      | Heoruswealwe the Deep Elf Earth Elementalist began the
                  | quest for the Orb.
     0 | D:1      | Reached XP level 1. HP: 10/10 MP: 6/6
   119 | D:1      | Reached XP level 2. HP: 15/15 MP: 2/8
   150 | D:1      | Learned a level 2 spell: Passwall
   448 | D:1      | Reached skill level 4 in Spellcasting
   747 | D:2      | Reached XP level 3. HP: 19/19 MP: 8/10
   752 | D:2      | Learned a level 3 spell: Stone Arrow
  1047 | D:2      | Identified the +2 leather armour of Lifelessness {+Inv rN+
                  | Slay+3}
  1077 | D:2      | Noticed Jessica
  1084 | D:2      | Killed Jessica
  1085 | D:2      | Reached XP level 4. HP: 22/24 MP: 5/12
  1090 | D:2      | Learned a level 4 spell: Petrify
  1140 | D:2      | Found a faded altar of an unknown god.
  1161 | D:2      | Prayed at the altar of an unknown god.
  1161 | D:2      | Became a worshipper of Vehumet
  1161 | D:2      | Reached * piety under Vehumet
  1161 | D:2      | Offered knowledge of Foxfire by Vehumet.
  1488 | D:3      | Reached skill level 5 in Spellcasting
  1709 | D:3      | Found a shimmering altar of Xom.
  2089 | D:3      | Found a hide-covered altar of Uskayaw.
  2159 | D:3      | Reached skill level 5 in Earth Magic
  2260 | D:3      | Reached XP level 5. HP: 26/28 MP: 11/14
  2425 | D:3      | Reached ** piety under Vehumet
  2449 | D:3      | Offered knowledge of Static Discharge by Vehumet.
  2786 | D:4      | Found an iron altar of Okawaru.
  3000 | D:4      | Reached skill level 6 in Spellcasting
  3104 | D:4      | Found a sparkling altar of Nemelex Xobeh.
  3263 | D:4      | Found a snail-covered altar of Cheibriados.
  3271 | D:4      | Reached XP level 6. HP: 32/32 MP: 14/17
  3429 | D:4      | Found a staircase to the Ecumenical Temple.
  3437 | Temple   | Entered the Ecumenical Temple
  3553 | D:4      | Found a hazy altar of Hepliaklqana.
  3629 | D:4      | Got Sif Muna's Reference Book on Vitriolic Breath
  3709 | D:5      | Entered Level 5 of the Dungeon
  3719 | D:5      | Noticed a water moccasin
  3724 | D:5      | Killed a water moccasin
  3724 | D:5      | Offered knowledge of Frozen Ramparts by Vehumet.
  3725 | D:5      | Reached skill level 7 in Spellcasting
  3785 | D:5      | Reached XP level 7. HP: 17/36 MP: 18/20
  3826 | D:5      | Found a broken altar of Ashenzari.
  3895 | D:5      | Reached skill level 8 in Spellcasting
  3912 | D:5      | Found an ornate altar of the Wu Jian Council.
  4080 | D:5      | Reached *** piety under Vehumet
  4302 | D:6      | Found a runed translucent gate.
  4302 | D:6      | Found a runed translucent gate.
  4302 | D:6      | Found a runed translucent gate.
  4302 | D:6      | Noticed Athtar's ghost (novice DrTm)
  4326 | D:6      | Killed Athtar's ghost
  4327 | D:6      | Reached skill level 9 in Spellcasting
  4327 | D:6      | Reached XP level 8. HP: 29/41 MP: 12/23
  4328 | D:6      | Reached skill level 10 in Spellcasting
  4347 | D:6      | Noticed Blork the orc
  4353 | D:6      | Killed Blork the orc
  4990 | D:6      | Offered knowledge of Mephitic Cloud by Vehumet.
  5003 | D:6      | Reached skill level 11 in Spellcasting
  5298 | D:6      | Reached XP level 9. HP: 45/45 MP: 24/26
  5423 | D:7      | Reached skill level 10 in Earth Magic
  5453 | D:7      | Found a sand-covered staircase.
  5616 | Ossuary  | Entered an ossuary
  5653 | Ossuary  | Reached **** piety under Vehumet
  5662 | Ossuary  | Offered knowledge of Irradiate by Vehumet.
  5689 | Ossuary  | Reached skill level 12 in Spellcasting
  5767 | D:7      | Found an opulent altar of Gozag.
  5773 | D:7      | Found Gozag's Platinum Reserve.
  5820 | D:7      | Noticed a two-headed ogre
  5826 | D:7      | Killed a two-headed ogre
  6160 | D:7      | Reached skill level 13 in Spellcasting
  6296 | D:7      | Found a burning altar of Makhleb.
  6329 | D:7      | Succumbed to a killer bee's poison

Illustrated notes

Levels and vault maps discovered:
D:1:      reono_arrival_mine, layout_loops_ring
D:2:      layout_loops_ring, hellmonk_ecumenical_altar_inner_sanctum,
          serial_park_tiny_1, nrook_mini_backslash, uniq_jessica
D:3:      minmay_bubble_buster, layout_basic, mainiacjoe_overflow_brackets,
          nicolae_uskayaw_murder_on_the_dancefloor,
          minmay_randomly_rotated_circles
D:4:      layout_loops_corners, okawaru_trees_1, slow_altar_1,
          mainiacjoe_overflow_24_doors, lemuel_doored_altar,
          minmay_temple_entry_fiery, minmay_misc_feat_cross
D:5:      layout_basic, kennysheep_mini_moat, nzn_wu_jian_council_hall,
          reono_crystal_passage
D:6:      layout_basic, gammafunk_ghost_necromancy,
          minmay_fractal_squares_gapless_5, uniq_blork_the_orc
D:7:      layout_gridville, nicolae_gozag_zags_fifth_avenue,
          lightli_temple_of_fire, nicolae_ossuary_entry_monument,
          grunt_ministairs_9, eino_jars, uniq_duvessa
Temple:   hellmonk_temple_micro_hex

Skill      XL: |  1  2  3  4  5  6  7  8  9 |
---------------+----------------------------+-----
Spellcasting   | 4 5 6 7 9 11 13 | 13.3
Earth Magic    | 4 5 6 8 9 11 | 11.4
Dodging        | |  2.4
Stealth        | |  2.4
Transmutations | |  1.1

Action                   |  1- 3 |  4- 6 |  7- 9 || total
-------------------------+-------+-------+-------++-------
Melee: Unarmed           |     2 |     2 |     1 ||     5
 Cast: Sandblast         |    52 |    86 |   143 ||   281
       Passwall          |     2 |     6 |       ||     8
  Use: Scroll            |     1 |     5 |     5 ||    11
       Potion            |       |       |     6 ||     6
Armor: Robe              |       |     5 |    16 ||    21
Dodge: Dodged            |     5 |    18 |    42 ||    65
Block: Other             |       |     7 |    22 ||    29
       Reflection        |       |     1 |       ||     1
